 Dungeon Crawl Stone Soup version 0.25-a0-474-ga8a2ee3166 (webtiles) character file.

Game seed: 6132596373015647515, levelgen mode: deterministic

46415 RedPan the Basher (level 14, 0/113 HPs)
             Began as a Green Draconian Ice Elementalist on Feb 7, 2020.
             Was a High Priest of Sif Muna.
             Shot with a bolt by a yaktaur (32 damage)
             ... on level 13 of the Dungeon.
             The game lasted 01:24:16 (22215 turns).

RedPan the Basher (DrIE)                           Turns: 22215, Time: 01:24:17

Health: 0/113      AC: 21    Str: 12    XL:     14   Next: 4%
Magic:  2/25       EV: 21    Int: 19    God:    Sif Muna [*****.]
Gold:   1395       SH:  5    Dex: 12    Spells: 13/28 levels left

rFire    . . .     SeeInvis .   R - +4 flail
rCold    . . .     Gourm    .   N - +0 buckler
rNeg     . . .     Faith    .   (armour unavailable)
rPois    +         Spirit   .   C - +1 hat
rElec    .         Reflect  .   B - +0 cloak
rCorr    .         Harm     .   h - +0 pair of gloves
MR       +....                  (no boots)
Stlth    ++........             r - amulet of magic regeneration
HPRegen  0.28/turn              c - +4 ring of evasion
MPRegen  0.44/turn              F - +3 ring of protection

@: icy armour, very slightly contaminated
A: breathe noxious fumes, unfitting armour, stinger 1, poison resistance,
cold-blooded, AC +8
a: Breathe Noxious Fumes, Channel Magic, Forget Spell, Divine Exegesis, Renounce
Religion


You were on level 13 of the Dungeon.
You worshipped Sif Muna.
Sif Muna was extremely pleased with you.
You were very hungry.

You visited 3 branches of the dungeon, and saw 20 of its levels.

You collected 1395 gold pieces.

Inventory:

Hand Weapons
 d - a +1 whip of flaming
 y - a +0 vorpal morningstar
 I - a +1 flail of protection
 R - a +4 flail (weapon)
Armour
 h - a +0 pair of gloves (worn)
 B - a +0 cloak (worn)
 C - a +1 hat (worn)
 N - a +0 buckler (worn)
Jewellery
 c - a +4 ring of evasion (left hand)
 m - a +3 ring of strength
 r - an amulet of magic regeneration (around neck)
 F - a +3 ring of protection (right hand)
 K - an uncursed ring of fire
 Q - an uncursed ring of positive energy
Wands
 n - a wand of polymorph (9)
 p - a wand of digging (8)
 x - a wand of iceblast (4)
 A - a wand of flame (40)
 D - a wand of random effects (23)
 E - a wand of acid (8)
 J - a wand of paralysis (11)
 M - a wand of disintegration (15)
 P - a wand of clouds (6)
Scrolls
 g - 2 scrolls of fog
 j - 4 scrolls of enchant weapon
 l - 16 scrolls of remove curse
 s - 3 scrolls of magic mapping
 v - 10 scrolls of teleportation
 z - 9 scrolls of identify
 H - 4 scrolls of enchant armour
 L - a scroll of fear
Potions
 a - 4 potions of agility
 e - 3 potions of mutation
 f - 10 potions of curing
 i - 5 potions of haste
 o - 5 potions of flight
 q - 2 potions of magic
 t - 3 potions of berserk rage
 u - 3 potions of heal wounds
 w - 3 potions of cancellation
 G - a potion of invisibility
 O - 2 potions of brilliance
Comestibles
 b - 26 rations
 k - 16 chunks of flesh


   Skills:
 - Level 7.0 Fighting
 * Level 13.3 Maces & Flails
 + Level 9.9 Dodging
 - Level 2.0 Stealth
 + Level 5.3 Shields
 + Level 7.7 Spellcasting
 - Level 2.0 Conjurations
 - Level 2.0 Charms
 + Level 6.5 Summonings
 - Level 8.0 Ice Magic
 - Level 10.0 Invocations


You had 13 spell levels left.
You knew the following spells:

 Your Spells              Type           Power        Failure   Level  Hunger
a - Freeze                Ice            ####         1%          1    None
b - Frozen Ramparts       Ice            #####.       1%          3    #......
c - Summon Ice Beast      Ice/Summ       #####...     4%          4    ###....
d - Ozocubu's Armour      Chrm/Ice       ####....     3%          3    #......
e - Hailstorm             Conj/Ice       ####....     12%         4    ###....

Your spell library contained the following spells:

 Spells                   Type           Power        Failure   Level  Hunger
 Summon Butterflies       Summ           ####....     1%          1    None
 Summon Small Mammal      Summ           ####         1%          1    None
 Call Canine Familiar     Summ           ####....     1%          3    #......
 Magic Dart               Conj           ###.         4%          1    None
 Foxfire                  Conj/Fire      ##..         6%          1    None
 Animate Skeleton         Necr           N/A          10%         1    None
 Apportation              Tloc           #.....       10%         1    None
 Beastly Appendage        Tmut           #.....       10%         1    None
 Corona                   Hex            #......      10%         1    None
 Pain                     Necr           #...         10%         1    None
 Sting                    Tmut/Pois      #...         10%         1    None
 Sticks to Snakes         Tmut           #.......     14%         2    None
 Sublimation of Blood     Necr           #.........   14%         2    None
 Dazzling Flash           Conj/Hex       ##....       19%         3    #......
 Confusing Touch          Hex            #.......     28%         3    #......
 Gell's Gravitas          Tloc           #.........   28%         3    #......
 Metabolic Englaciation   Hex/Ice        ###.......   45%         5    #####..
 Sticky Flame             Conj/Fire      ##......     52%         4    ###....
 Summon Mana Viper        Hex/Summ       ###.....     56%         5    #####..
 Petrify                  Tmut/Erth      #.......     67%         4    ###....
 Lightning Bolt           Conj/Air       ##........   86%         5    #####..
 Blade Hands              Tmut           #.........   95%         5    #####..
 Yara's Violent Unravell  Hex/Tmut       #.........   95%         5    #####..
 Simulacrum               Ice/Necr       ###.......   95%         6    ######.
 Freezing Cloud           Conj/Ice/Air   ###.......   98%         6    ######.
 Summon Hydra             Summ           ####......   99%         7    #######
 Conjure Ball Lightning   Conj/Air       ##........   100%        6    ######.
 Iron Shot                Conj/Erth      ##........   100%        6    ######.
 Borgnjor's Revivificati  Necr           #.........   100%        8    #######


Dungeon Overview and Level Annotations

Branches:
Dungeon (13/15)            Temple (1/1) D:7            Lair (6/6) D:9
  Swamp (0/4) Lair:4       Spider (0/4) Lair:4        Slime (0/5) Lair:5
    Orc (0/2) D:12
 Vaults: D:13-14

Altars:
Ashenzari
Cheibriados
Dithmenos
Elyvilon
Fedhas
Gozag
Hepliaklqana
Kikubaaqudgha
Makhleb
Nemelex Xobeh
Okawaru
Qazlal
Ru
Sif Muna
Trog
Uskayaw
Vehumet
Wu Jian
Xom
Yredelemnul
Zin
The Shining One
Beogh

Shops:
D:8 *

Portals:
Trove: D:11 (give +2 gold dragon scales)

Annotations:
Lair:2 3 runed translucent doors, Piu's ghost, journeyman GnWn
Lair:3 1 runed translucent door, Nattfarinn's ghost, journeyman VSAs


Innate Abilities, Weirdness & Mutations

You can breathe blasts of noxious fumes.
Your lurid green scales are hard. (AC +8)
You cannot fit into any form of body armour.
Your tail ends in a poisonous barb.
Your system is resistant to poisons. (rPois)
You are cold-blooded and may be slowed by cold attacks.


Message History

The wizard gestures at you while chanting.
The crystal spear hits you!!
The yaktaur wields a +0 arbalest.
The yaktaur shoots a bolt.
The bolt completely misses you.
The bolt hits the human!
The human hits you but does no damage.
You sock the wizard!
The wizard is moderately wounded.
The wizard points at you and mumbles some strange words.
The crystal spear hits you!!
* * * LOW HITPOINT WARNING * * *
Your ice beast hits the human.
Your ice beast freezes the human.
Your ice beast hits the human but does no damage.
Your ice beast hits the human.
Your ice beast freezes the human!
The human dies!
Sif Muna accepts your kill.
You hit the wizard.
The wizard is moderately wounded.
The human hits you but does no damage. The wizard barely misses you.
Your ice beast barely misses the human.
The yaktaur shoots a bolt.
The bolt hits you!!
You die...

#....'.....#
#....'..⌠..#
#....'.....#
#....#..÷..#
#....##'')###+++##
#....#..÷..#.....#
#....#...Yc'.....#
#....#..⌠Y.p..⌠..#
#...Y@p..../#
#)((.p#p..[%#
####### #####


You could see a yaktaur, a wizard, 3 humans and 3 friendly ice beasts.

Vanquished Creatures
  Harold (D:7)
  A hydra (D:10)
  A centaur warrior (D:12)
  2 death yaks (Lair:6)
  Sonja (Lair:1)
  An unseen horror (D:12)
  A deep elf archer (D:12)
  A wizard (D:13)
  Pikel (D:3)
  2 ugly things
  A black mamba (Lair:2)
  4 spiny frogs
  6 elephants (Lair:5)
  5 komodo dragons
  2 kobold demonologists (D:13)
  3 meliai (D:13)
  2 red devils (D:13)
  2 hornets (Lair:6)
  3 polar bears (Lair:6)
  A tyrant leech (Lair:4)
  4 hippogriffs
  A redback (Lair:4)
  7 spriggans (Lair:6)
  22 yaks
  A wraith (D:13)
  8 basilisks
  7 humans
  A vampire mosquito (D:13)
  2 swamp worms (Lair:4)
  2 acid dragons
  4 water moccasins
  A soldier ant (shapeshifter) (D:13)
  2 porcupines
  7 orc warriors
  6 sky beasts
  3 ice beasts
  A slave (D:3)
  3 ogres
  A necrophage (D:5)
  21 wolves
  2 phantoms
  11 centaurs
  2 big kobolds
  12 bullfrogs
  5 scorpions
  20 killer bees
  8 crimson imps
  14 orc priests
  A jelly (D:12)
  2 hounds
  Crazy Yiuf (D:7)
  A quasit (D:6)
  2 bullfrog skeletons
  A centaur skeleton (D:12)
  2 iguanas
  12 orc wizards
  8 worker ants
  A hound skeleton (D:10)
  A worker ant zombie (D:9)
  Robin (D:4)
  A howler monkey skeleton (D:11)
  11 adders
  A shadow imp (D:11)
  2 adder zombies (D:8)
  2 worms
  2 dart slugs (D:1)
  A leopard gecko (D:11)
  67 orcs
  6 giant cockroaches
  12 goblins
  5 hobgoblins
  6 jackals
  26 kobolds
  3 quokkas
  2 ball pythons
  4 bats
  7 frilled lizards
  A leopard gecko zombie (D:9)
  2 quokka zombies (D:5)
  3 rats
416 creatures vanquished.

Vanquished Creatures (collateral kills)
  Gastronok (D:9)
  7 hydras
  6 two-headed ogres
  A death yak (Lair:6)
  6 spriggans (Lair:6)
  2 black mambas
  A torpor snail (Lair:6)
  A komodo dragon (Lair:3)
  7 spiny frogs
  3 rime drakes
  A centaur skeleton (D:12)
  A troll (D:13)
  A tyrant leech (Lair:4)
  A meliai (D:11)
  2 red devils (D:13)
  3 hornets (Lair:6)
  2 dream sheep (Lair:6)
  4 hippogriffs
  A wraith (D:12)
  A redback (Lair:4)
  A wyvern (Lair:3)
  11 yaks
  6 humans (D:13)
  A vampire mosquito (D:13)
  A hungry ghost (D:11)
  Duvessa (D:5)
  Menkaure (D:7)
  A soldier ant (D:12)
  5 porcupines
  A water moccasin (Lair:2)
  3 black bears
  5 orc warriors
  An ice beast (D:8)
  10 wolves
  2 ogres
  3 boggarts (Lair:6)
  3 centaurs (D:12)
  6 crocodiles
  A big kobold (D:9)
  2 bullfrogs
  Dowan (D:5)
  3 scorpions
  3 killer bees
  A wight (D:12)
  2 electric eels
  2 howler monkeys (D:10)
  4 crimson imps
  A centaur zombie (D:12)
  A jelly (D:11)
  2 bullfrog skeletons
  A hound (D:8)
  3 orc priests
  2 orc wizards
  3 worker ants
  A hound zombie (D:5)
  An adder (D:6)
  2 shadow imps
  2 adder skeletons
  10 orcs
162 creatures vanquished.

Vanquished Creatures (others)
  9 fungi
  3 plants (D:9)
12 creatures vanquished.

Grand Total: 590 creatures vanquished

Notes
Turn   | Place    | Note
-------+----------+-------------------------------------------
     0 | D:1      | RedPan the Draconian Ice Elementalist began the quest for
                  | the Orb.
     0 | D:1      | Reached XP level 1. HP: 14/14 MP: 3/3
   375 | D:1      | Reached XP level 2. HP: 20/20 MP: 1/5
   903 | D:1      | Reached XP level 3. HP: 19/26 MP: 0/6
  1242 | D:2      | Found a hazy altar of Hepliaklqana.
  1247 | D:2      | Learned a level 3 spell: Frozen Ramparts
  1764 | D:2      | Reached XP level 4. HP: 31/33 MP: 6/8
  1984 | D:3      | Reached skill level 5 in Ice Magic
  2107 | D:3      | Learned a level 4 spell: Summon Ice Beast
  2141 | D:3      | Found an opulent altar of Gozag.
  2909 | D:4      | Reached XP level 5. HP: 38/38 MP: 6/10
  2911 | D:4      | Reached skill level 1 in Summonings
  3129 | D:4      | Noticed a slave
  3129 | D:4      | Noticed Robin
  3129 | D:4      | Noticed Pikel
  3129 | D:4      | Noticed a slave
  3130 | D:4      | Noticed a slave
  3130 | D:4      | Noticed a slave
  3288 | D:4      | Noticed a spatial vortex
  3300 | D:3      | Killed a slave
  3362 | D:3      | Killed Pikel
  3362 | D:3      | Reached XP level 6. HP: 45/45 MP: 1/13
  3362 | D:3      | Your scales start taking on a lurid green colour.
  3362 | D:3      | Reached XP level 7. HP: 50/50 MP: 1/14
  3362 | D:3      | Gained mutation: Your system is resistant to poisons.
                  | (rPois) [Green Draconian growth]
  3504 | D:4      | Killed Robin
  3579 | D:4      | Reached skill level 5 in Spellcasting
  4142 | D:5      | Entered Level 5 of the Dungeon
  4151 | D:5      | Reached XP level 8. HP: 57/57 MP: 9/16
  4191 | D:5      | Found a sacrificial altar of Ru.
  4196 | D:5      | Noticed Duvessa
  4196 | D:5      | Noticed Dowan
  4206 | D:5      | Killed Duvessa
  4206 | D:5      | Killed Dowan
  4239 | D:5      | Reached skill level 5 in Summonings
  4434 | D:5      | Learned a level 3 spell: Ozocubu's Armour
  4439 | D:5      | Learned a level 4 spell: Hailstorm
  4834 | D:5      | Reached skill level 1 in Conjurations
  4968 | D:6      | Reached skill level 1 in Charms
  5051 | D:6      | Reached XP level 9. HP: 50/62 MP: 2/18
  5154 | D:6      | Found an iron altar of Okawaru.
  5359 | D:6      | Reached skill level 1 in Fighting
  5359 | D:6      | Reached skill level 1 in Maces & Flails
  5760 | D:7      | Found Woen's Gadget Shoppe.
  5879 | D:7      | Found a staircase to the Ecumenical Temple.
  5888 | Temple   | Entered the Ecumenical Temple
  6078 | Temple   | Became a worshipper of Sif Muna the Loreminder
  6131 | D:7      | Noticed Menkaure
  6150 | D:7      | Killed Menkaure
  6150 | D:7      | Reached skill level 2 in Maces & Flails
  6437 | D:7      | Noticed Harold
  6458 | D:7      | Killed Harold
  6458 | D:7      | Reached skill level 3 in Maces & Flails
  6721 | D:7      | Found a runed translucent door.
  6722 | D:7      | Noticed Crazy Yiuf
  6732 | D:7      | Killed Crazy Yiuf
  6778 | D:7      | Reached XP level 10. HP: 70/78 MP: 13/20
  6950 | D:8      | Reached skill level 4 in Maces & Flails
  7073 | D:8      | Found Zin's Purification Station.
  7073 | D:8      | Found a glowing silver altar of Zin.
  7144 | D:8      | Noticed a two-headed ogre
  7153 | D:8      | Killed a two-headed ogre
  7157 | D:8      | Reached skill level 5 in Maces & Flails
  7162 | D:8      | Reached skill level 5 in Fighting
  7211 | D:8      | Reached * piety under Sif Muna
  7625 | D:8      | Found an iron altar of Okawaru.
  7819 | D:9      | Noticed Gastronok
  7824 | D:9      | Reached skill level 5 in Dodging
  7830 | D:9      | Reached skill level 6 in Maces & Flails
  8786 | D:9      | Killed Gastronok
  8786 | D:9      | Reached skill level 7 in Maces & Flails
  8786 | D:9      | Reached skill level 5 in Invocations
  8786 | D:9      | Reached XP level 11. HP: 89/89 MP: 9/21
  8809 | D:9      | Reached ** piety under Sif Muna
  8931 | D:9      | Found a radiant altar of Vehumet.
  9417 | D:9      | Found a staircase to the Lair.
  9563 | D:10     | Entered Level 10 of the Dungeon
  9563 | D:10     | Found a bloodstained altar of Trog.
 10624 | Lair:1   | Entered Level 1 of the Lair of Beasts
 10758 | Lair:1   | Reached skill level 8 in Maces & Flails
 10774 | Lair:1   | Reached *** piety under Sif Muna
 11108 | Lair:1   | Noticed Sonja
 11119 | Lair:1   | Killed Sonja
 11737 | Lair:2   | Reached skill level 9 in Maces & Flails
 11856 | Lair:2   | Found a runed translucent gate.
 11856 | Lair:2   | Found a runed translucent gate.
 11988 | Lair:2   | Found a runed translucent gate.
 11988 | Lair:2   | Noticed Piu's ghost (journeyman GnWn)
 12786 | Lair:3   | Found a runed translucent door.
 12787 | Lair:3   | Noticed Nattfarinn's ghost (journeyman VSAs)
 12949 | Lair:3   | Reached XP level 12. HP: 69/100 MP: 20/22
 13337 | Lair:3   | Identified Sif Muna's Disquisition on Attacks and Shape
                  | Shifting
 13344 | Lair:3   | Noticed a seven-headed hydra
 13350 | Lair:3   | Killed a seven-headed hydra
 13350 | Lair:3   | Reached skill level 10 in Maces & Flails
 13826 | Lair:4   | Found a hole to the Spider Nest.
 13896 | Lair:4   | Reached **** piety under Sif Muna
 13908 | Lair:4   | Noticed a seven-headed hydra
 13913 | Lair:4   | Killed a seven-headed hydra
 14279 | Lair:4   | Found a staircase to the Swamp.
 14625 | Lair:5   | Found a staircase to the Slime Pits.
 14664 | Lair:5   | Noticed an eight-headed hydra
 14674 | Lair:5   | Killed an eight-headed hydra
 14785 | Lair:5   | Noticed a five-headed hydra
 14792 | Lair:5   | Killed a five-headed hydra
 15016 | Lair:5   | Reached skill level 11 in Maces & Flails
 15425 | Lair:6   | Entered Level 6 of the Lair of Beasts
 16168 | Lair:6   | Reached ***** piety under Sif Muna
 16251 | Lair:6   | Reached skill level 1 in Shields
 16259 | Lair:6   | Reached XP level 13. HP: 77/105 MP: 6/23
 16260 | Lair:6   | Identified Eluin's Almanac of Evil Arts (Sif Muna gifted it
                  | to you on level 6 of the Lair of Beasts)
 16260 | Lair:6   | Received a gift from Sif Muna
 16273 | Lair:6   | Reached skill level 12 in Maces & Flails
 18145 | D:11     | Found a portal to a secret trove of treasure.
 18338 | D:11     | Reached skill level 10 in Invocations
 20588 | D:12     | Identified Sif Muna's Handbook of Conjuration (Sif Muna
                  | gifted it to you on level 12 of the Dungeon)
 20588 | D:12     | Received a gift from Sif Muna
 20738 | D:12     | Found a staircase to the Orcish Mines.
 20888 | D:13     | Reached skill level 13 in Maces & Flails
 21037 | D:13     | Found a roughly hewn altar of Beogh.
 21454 | D:13     | Reached skill level 5 in Shields
 22114 | D:13     | Gained mutation: Your tail ends in a poisonous barb. [Green
                  | Draconian growth]
 22114 | D:13     | Reached XP level 14. HP: 111/113 MP: 15/25
 22215 | D:13     | Shot with a bolt by a yaktaur

Levels and vault maps discovered:
D:1:      saegor_arrival_simple_b, layout_basic, minmay_misc_feat_secret_circle,
          minmay_heptomino_l4
D:2:      layout_loops_ring, marbit_many_paths, first_ration,
          grunt_ministairs_12, minmay_misc_feat_more_columns
D:3:      layout_basic, nicolae_gozag_seed_capital
D:4:      layout_loops_corners, uniq_pikel, uniq_robin
D:5:      layout_rooms, hangedman_ru_absence, serial_glass, glass_columns_c,
          glass_columns_b, glass_columns_a, glass_columns_c, glass_columns_c,
          glass_columns_a, glass_columns_b, glass_columns_b, uniq_duvessa
D:6:      layout_rooms, basic_altar, serial_bayou_pond_d,
          kennysheep_generic_room_12
D:7:      layout_basic, minmay_temple_entry_mini_moons, serial_shops, shop,
          uniq_menkaure, uniq_crazy_yiuf_cottage, uniq_harold
D:8:      layout_basic, zin_purify, kennysheep_mini_moat
D:9:      layout_roguey, old_standard_altar, grunt_lair_entry_orc_guard_hut,
          uniq_gastronok
D:10:     layout_long_grid, grunt_pizzeria, bloody_trog
D:11:     layout_small_grid, enter_trove_1
D:12:     cheibrodos_fzero, layout_cross, david_orc_4
D:13:     layout_roguey [special_room_orc], grunt_vaults_entry_tiered,
          hangedman_abyss_or_decor_stabs, einodemon_armed_red_devil_minivault
Temple:   regret_index_temple_sphere_string
Lair:1:   layout_loops_ring, eino_small_chamber_without_monster,
          beast_lair_carwin_7, uniq_sonja
Lair:2:   layout_gridlike, ebering_ghost_rock_garden
Lair:3:   beast_lair_carwin_large_2, layout_gridlike,
          ebering_ghost_reflecting_pool, kennysheep_basilisk_garden
Lair:4:   layout_gridlike, minmay_swamp_entry_worms, spider_nest_entry_webs
Lair:5:   layout_gridlike, slime_dummy
Lair:6:   minmay_lair_end_enchanted_forest, layout_cave_pods

Skill      XL: |  1  2  3  4  5  6  7  8  9 10 11 12 13 |
---------------+----------------------------------------+-----
Stealth        | 2 |  2.0
Dodging        | 2 4 5 7 8 9 |  9.9
Spellcasting   | 3 4 5 6 7 |  7.7
Ice Magic      | 5 6 7 8 |  8.0
Summonings     | 3 4 5 6 |  6.5
Conjurations   | 1 2 |  2.0
Charms         | 1 2 |  2.0
Fighting       | 4 6 7 |  7.0
Maces & Flails | 3 7 9 11 13 | 13.3
Invocations    | 2 5 7 9 10 | 10.0
Shields        | 1 5 |  5.3

Action                   |  1- 3 |  4- 6 |  7- 9 | 10-12 | 13-15 || total
-------------------------+-------+-------+-------+-------+-------++-------
Melee: Whip              |    50 |       |   138 |   103 |       ||   291
       Unarmed           |     2 |       |       |       |       ||     2
       Hand axe          |     1 |       |       |       |       ||     1
       Tailslap          |     3 |     3 |    12 |    19 |    46 ||    83
       Dagger            |       |    38 |     2 |       |       ||    40
       Flail             |       |       |       |   106 |   135 ||   241
       Morningstar       |       |       |       |       |   156 ||   156
 Cast: Freeze            |    30 |    17 |    61 |   208 |    30 ||   346
       Frozen Ramparts   |     1 |     8 |    30 |    59 |    45 ||   143
       Summon Ice Beast  |       |       |    27 |   147 |    98 ||   272
       Ozocubu's Armour  |       |       |     1 |    24 |    30 ||    55
       Hailstorm         |       |       |       |    14 |    22 ||    36
Invok: Channel Magic     |       |       |       |     4 |       ||     4
 Abil: Breathe Noxious F |       |       |     2 |     7 |       ||     9
  Use: Scroll            |     5 |     8 |     7 |     7 |     2 ||    29
       Potion            |     1 |     1 |       |       |       ||     2
 Stab: Sleeping          |     5 |       |       |       |     1 ||     6
       Distracted        |       |       |     2 |     5 |       ||     7
  Eat: Chunk             |     3 |     5 |    17 |    40 |    25 ||    90
       Ration            |       |       |       |     4 |     3 ||     7
Armor: Skin              |    25 |    13 |    51 |   160 |   111 ||   360
Dodge: Dodged            |    55 |    44 |   160 |   470 |   389 ||  1118
Block: Buckler           |       |       |       |       |    71 ||    71

Table legend:
 A = Non-vault XP
 B = Vault XP
 C = Vault XP percentage of total XP
 D = Non-vault monster count
 E = Vault monster count
 F = Vault count percentage of total count
                 A         B        C        D         E       F
            +---------+---------+-------+---------+---------+-------
      Total |   42043 |   24265 |  36.6 |     402 |     175 |  30.3
            +---------+---------+-------+---------+---------+-------
        D:1 |      19 |      22 |  53.7 |      10 |       5 |  33.3
        D:2 |      56 |       1 |   1.8 |      18 |       1 |   5.3
        D:3 |      70 |     663 |  90.5 |      10 |       1 |   9.1
        D:4 |     499 |      34 |   6.4 |      19 |      11 |  36.7
        D:5 |     821 |     165 |  16.7 |      26 |       2 |   7.1
        D:6 |    1455 |       0 |   0.0 |      32 |       0 |   0.0
        D:7 |     920 |     877 |  48.8 |      13 |       3 |  18.8
        D:8 |    3679 |       0 |   0.0 |      46 |       0 |   0.0
        D:9 |    1705 |    2018 |  54.2 |      20 |       6 |  23.1
       D:10 |    2008 |     192 |   8.7 |      32 |       1 |   3.0
       D:11 |    6382 |     705 |   9.9 |      48 |       2 |   4.0
       D:12 |    3698 |    2913 |  44.1 |      27 |      32 |  54.2
       D:13 |    4569 |    4417 |  49.2 |      28 |      42 |  60.0
     Lair:1 |    1336 |    2448 |  64.7 |       5 |       7 |  58.3
     Lair:2 |    1161 |       0 |   0.0 |       7 |       0 |   0.0
     Lair:3 |    3018 |    2355 |  43.8 |      17 |      11 |  39.3
     Lair:4 |    1703 |    1024 |  37.6 |      10 |       6 |  37.5
     Lair:5 |    4433 |       0 |   0.0 |      16 |       0 |   0.0
     Lair:6 |    4511 |    6431 |  58.8 |      18 |      45 |  71.4
            +---------+---------+-------+---------+---------+-------
